 Dungeon Crawl Stone Soup version 0.20-a0-870-g4070442 (webtiles) character file.

2 4thArraOfDagon the Grasshopper (level 1, -1/7 HPs)
             Began as a Felid Wanderer on Mar 13, 2017.
             Slain by a jackal (2 damage)
             ... on level 1 of the Dungeon.
             The game lasted 00:00:48 (135 turns).

4thArraOfDagon the Grasshopper (Felid Wanderer)      Turns: 135, Time: 00:00:49

Health: -1/7       AC:  1    Str:  7    XL:     1   Next: 33%
Magic:  4/4        EV: 16    Int: 13    God:
Gold:   36         SH:  0    Dex: 16    Spells: 4/4 levels left
                                        Lives:  0   Deaths: 0

rFire    . . .     SeeInvis +   (weapon unavailable)
rCold    . . .     Gourm    .   (armour unavailable)
rNeg     . . .     Faith    .   (shield unavailable)
rPois    .         Spirit   .   (helmet unavailable)
rElec    .         Reflect  .   (cloak unavailable)
rCorr    .         Harm     .   (gloves unavailable)
MR       .....                  (boots unavailable)
Stlth    ++........             (no amulet)
Regen    0.1/turn               (no ring)
MPRegen  0.1/turn               (no ring)

@: quick
A: no armour, no weapons or thrown items, stealth, claws 1, fangs 3, see
invisible, carnivore 3, speed 1, shaggy fur 1, slow metabolism 1, sharp paws
a: no special abilities


You were on level 1 of the Dungeon.
You were not hungry.

You visited 1 branch of the dungeon, and saw 1 of its levels.

You collected 36 gold pieces.

Inventory:

Wands
 c - a wand of random effects (13/48)
Scrolls
 e - a scroll of teleportation {unknown}
Books
 a - a book of Conjurations

   Spells                             Type                      Level
   a - Magic Dart                     Conjuration                  1
   b - Searing Ray                    Conjuration                  2
   c - Dazzling Spray                 Conjuration/Hexes            3
   d - Fulminant Prism                Conjuration/Hexes            4
   e - Force Lance                    Conjuration/Translocation    4
   f - Iskenderun's Mystic Blast      Conjuration                  4
 b - the Handbook of Transmutation

   Spells                             Type                      Level
   a - Sticks to Snakes               Transmutation                2
   b - Passwall                       Transmutation/Earth          2
Comestibles
 d - 2 meat rations


   Skills:
 + Level 0.6 Dodging
 - Level 1.3 Stealth
 * Level 0.4 Unarmed Combat
 - Level 2.0 Spellcasting
   Level 1.7 Conjurations
   Level 3.0 Hexes
   Level 3.0 Translocations
 - Level 1.1 Evocations


You had 4 spell levels left.
You didn't know any spells.

Dungeon Overview and Level Annotations

Branches:
Dungeon (1/15)

Altars:


Innate Abilities, Weirdness & Mutations

You cannot wear armour.
You are incapable of wielding weapons or throwing items.
Your paws allow you to move quietly. (Stealth)
You have sharp claws.
You have razor-sharp teeth.
You have supernaturally acute eyesight. (SInv)
You are carnivorous and can eat meat at any time.
You cover ground quickly.
You are covered in fur. (AC +1)
You have a slow metabolism.
Your sharp claws are effective at attacking unaware monsters.


Message History

Unknown command.
You see here a helmet.
Unknown command.
Unknown command.
Evoke which item? (* to show all) (? for menu, Esc to quit)
Aiming: Random Effects
Press: ? - help, Shift-Dir - straight line, f - jackal
Aim: a jackal The jackal struggles to resist.
This wand has 14 charges left.
The jackal misses you.
Unknown command.
The jackal misses you.
Unknown command.
Evoke which item? (* to show all) (? for menu, Esc to quit)
Aiming: Random Effects
Press: ? - help, Shift-Dir - straight line, f/p - jackal
Aim: a jackal The jackal looks slightly unstable.
This wand has 13 charges left.
The jackal misses you. The jackal bites you.
You die...

# ### ##'### ...
..... #.. ....## #.#
#....# #.# #....# #.#
#...# ######'# #...#
.......## #..@#
#####...## #.hh#
.###.#.#.## ##.[####
#.#.##.##.## #.....#
##.###.###.## #.....#
#.#.##.####.###..h(.+
.###..<......'......#
## ###.####..#......#
#.###.#.#####..#


You could see 3 jackals.

Vanquished Creatures
  A goblin (D:1)
  A frilled lizard (D:1)
  A kobold (D:1)
3 creatures vanquished.

Notes
Turn   | Place    | Note
-------+----------+-------------------------------------------
     0 | D:1      | 4thArraOfDagon the Felid Wanderer began the quest for the Orb.
     0 | D:1      | 4thArraOfDagon set off with: a book of Conjurations, the Handbook of Transmutation, a wand of random effects (15/48), a meat ration
     0 | D:1      | Reached XP level 1. HP: 7/7 MP: 4/4
   135 | D:1      | Slain by a jackal

Vault maps used:
D:1:      roderic_octagonal_star, minmay_door_square

Action                   || total
-------------------------++-------
Melee: Unarmed           ||    11
Evoke: Wand              ||     2
  Eat: Chunk             ||     1
Dodge: Dodged            ||    11
